NYP
CINCINNATI (NYP) REDS @ EUGENE EMERALDS
08/05/2049
 
TOP OF THE 1ST
Cincinnati (NYP) Reds batting - Pitching for Eugene Emeralds : RHP Brendan Malzone
Pitching: RHP Brendan Malzone
Batting: LHB Fernando Gomez 0-0: Ball
1-0: Ball
2-0: Ground out 6-3 (Groundball, 6, EV 82.5 MPH)
Batting: SHB Cesar Pelayo 0-0: Called Strike
0-1: Ball
1-1: Foul Ball, location: 2F
1-2: Strikes out swinging
Batting: RHB Andy Bachman 0-0: Ball
1-0: Ball
2-0: Ball
3-0: Base on Balls
Batting: RHB Nick Moreno 0-0: Ball
1-0: Ball
2-0: Called Strike
2-1: Ball
3-1: Swinging Strike
3-2: Foul Ball, location: 2F
3-2: Foul Ball, location: 2F
3-2: Foul Ball, location: 2F
3-2: Base on Balls
Andy Bachman to second
Batting: LHB Josh Slusarczyk 0-0: Called Strike
0-1: Ball
1-1: Ball
2-1: Swinging Strike
2-2: Foul Ball, location: 2F
2-2: Foul Ball, location: 2F
2-2: Foul Ball, location: 2F
2-2: Fly out, F2 (Popup, 15S, EV 94.4 MPH)
Top of the 1st over - 0 runs, 0 hits, 0 errors, 2 left on base; Cincinnati (NYP) 0 - Eugene 0
BOTTOM OF THE 1ST
Eugene Emeralds batting - Pitching for Cincinnati (NYP) Reds : RHP Jim Bartlet
Pitching: RHP Jim Bartlet
Batting: RHB Hugo Torrez 0-0: Ball
1-0: Foul Ball, location: 2F
1-1: Foul Ball, location: 2F
1-2: Ball
2-2: Strikes out swinging
Batting: RHB Dustin Goldsborough 0-0: Called Strike
0-1: Ball
1-1: Foul Ball, location: 2F
1-2: Ball
2-2: Ball
3-2: Base on Balls
Batting: RHB Jorge Lagunas 0-0: Called Strike
0-1: SINGLE (Line Drive, 4MD, EV 98.1 MPH)
Dustin Goldsborough to second
Batting: RHB Bartolo Aguilar 0-0: Ball
1-0: Foul Ball, location: 2F
1-1: Foul Ball, location: 2F
1-2: Foul Ball, location: 2F
1-2: Strikes out swinging
Batting: RHB Mike Larson 0-0: Ball
1-0: Ball
2-0: Ball
3-0: Base on Balls
Dustin Goldsborough to third
Jorge Lagunas to second
Batting: RHB T.J. Garrison 0-0: Ball
1-0: Called Strike
1-1: Foul Ball, location: 2F
1-2: Strikes out swinging
Bottom of the 1st over - 0 runs, 1 hit, 0 errors, 3 left on base; Cincinnati (NYP) 0 - Eugene 0
TOP OF THE 2ND
Cincinnati (NYP) Reds batting - Pitching for Eugene Emeralds : RHP Brendan Malzone
Batting: RHB Yutaka Sato 0-0: Ball
1-0: Ball
2-0: Called Strike
2-1: Ball
3-1: Called Strike
3-2: Base on Balls
Pitching: RHP Jose Mata
Batting: RHB Ch'ang-chieh Hsia 0-0: Called Strike
0-1: Ball
1-1: Swinging Strike
1-2: Ball
2-2: Ball
3-2: Base on Balls
Yutaka Sato to second
Batting: RHB Will Trudeau 0-0: Ball
1-0: Ball
2-0: Called Strike
2-1: Fly out, F9 (Flyball, 9S, EV 90.0 MPH)
Batting: RHB Emanuel Estrada 0-0: SINGLE (Groundball, 6MD, EV 108.8 MPH)
Yutaka Sato to third
Ch'ang-chieh Hsia to second
Batting: LHB Fernando Gomez 0-0: Ball
1-0: Called Strike
1-1: Ball
2-1: Ball
3-1: Base on Balls
Yutaka Sato scores
Ch'ang-chieh Hsia to third
Emanuel Estrada to second
Batting: SHB Cesar Pelayo 0-0: Ball
1-0: Foul Ball, location: 2F
1-1: Swinging Strike
1-2: Strikes out swinging
Pitching: RHP Victor de Leon
Batting: RHB Andy Bachman 0-0: Called Strike
0-1: Foul Ball, location: 2F
0-2: Ball
1-2: Ball
2-2: Foul Ball, location: 2F
2-2: DOUBLE (Flyball, 78XD, EV 115.0 MPH)
Ch'ang-chieh Hsia scores
Emanuel Estrada scores
Fernando Gomez to third
Runner from 3rd tries for Home, SAFE, throw by LF to trailing runner, SAFE at third!
Batting: RHB Nick Moreno 0-0: Foul Ball, location: 2F
0-1: Ball
1-1: SINGLE (Flyball, 6D, EV 91.2 MPH)
Andy Bachman scores
Batting: LHB Josh Slusarczyk 0-0: Foul Ball, location: 2F
0-1: Ball
1-1: Ball
Nick Moreno steals 2nd base
2-1: Ball
3-1: Called Strike
3-2: Strikes out swinging
Top of the 2nd over - 5 runs, 3 hits, 0 errors, 1 left on base; Cincinnati (NYP) 5 - Eugene 0
BOTTOM OF THE 2ND
Eugene Emeralds batting - Pitching for Cincinnati (NYP) Reds : RHP Jim Bartlet
Batting: RHB Juan Lira 0-0: Swinging Strike
0-1: Ground out 4-3 (Groundball, 4, EV 85.0 MPH)
Batting: RHB Rodolfo Perez 0-0: Ball
1-0: Swinging Strike
1-1: Swinging Strike
1-2: Strikes out looking
Batting: RHB Gustavo Rodriguez 0-0: Reached on error, E6 (Groundball, 6, EV 97.5 MPH)
Batting: RHB Hugo Torrez 0-0: Ground out 5-3 (Groundball, 5S, EV 68.8 MPH)
Bottom of the 2nd over - 0 runs, 0 hits, 1 error, 1 left on base; Cincinnati (NYP) 5 - Eugene 0
TOP OF THE 3RD
Cincinnati (NYP) Reds batting - Pitching for Eugene Emeralds : RHP Victor de Leon
Batting: RHB Yutaka Sato 0-0: Swinging Strike
0-1: Swinging Strike
0-2: Foul Ball, location: 2F
0-2: Foul Ball, location: 2F
0-2: Strikes out swinging
Pitching: LHP Jerry Tyson
Batting: RHB Ch'ang-chieh Hsia 0-0: Swinging Strike
0-1: Ground out 4-3 (Groundball, 4, EV 82.5 MPH)
Batting: RHB Will Trudeau 0-0: Ball
1-0: Ball
2-0: Foul Ball, location: 2F
2-1: Called Strike
2-2: Strikes out looking
Top of the 3rd over - 0 runs, 0 hits, 0 errors, 0 left on base; Cincinnati (NYP) 5 - Eugene 0
BOTTOM OF THE 3RD
Eugene Emeralds batting - Pitching for Cincinnati (NYP) Reds : RHP Jim Bartlet
Batting: RHB Dustin Goldsborough 0-0: Called Strike
0-1: Ground out 6-3 (Groundball, 6S, EV 83.8 MPH)
Batting: RHB Jorge Lagunas 0-0: Ball
1-0: Foul Ball, location: 2F
1-1: Ball
2-1: Swinging Strike
2-2: Strikes out swinging
Batting: RHB Bartolo Aguilar 0-0: Ball
1-0: Ball
2-0: Swinging Strike
2-1: Ball
3-1: Called Strike
3-2: Base on Balls
Batting: RHB Mike Larson 0-0: Foul Ball, location: 2F
0-1: Called Strike
0-2: Ball
1-2: Strikes out swinging
Bottom of the 3rd over - 0 runs, 0 hits, 0 errors, 1 left on base; Cincinnati (NYP) 5 - Eugene 0
TOP OF THE 4TH
Cincinnati (NYP) Reds batting - Pitching for Eugene Emeralds : LHP Jerry Tyson
Batting: RHB Emanuel Estrada 0-0: Called Strike
0-1: Foul Ball, location: 2F
0-2: Foul Ball, location: 2F
0-2: Foul Ball, location: 2F
0-2: Strikes out swinging, 2-3 out at first.
Batting: LHB Fernando Gomez 0-0: Called Strike
0-1: Ball
1-1: Foul Ball, location: 2F
1-2: DOUBLE (Flyball, 8LXD, EV 111.2 MPH)
Batting: SHB Cesar Pelayo 0-0: Ball
1-0: Ball
2-0: Ball
Fernando Gomez steals 3rd base
3-0: Called Strike
3-1: Swinging Strike
3-2: Foul Ball, location: 2F
3-2: Base on Balls
Pitching: LHP Alex Gandarilla
Batting: RHB Andy Bachman 0-0: Called Strike
0-1: Swinging Strike
0-2: Ball
1-2: Ball
2-2: Ball
3-2: Grounds into double play, 6-4-3 (Groundball, 6, EV 91.9 MPH)
Top of the 4th over - 0 runs, 1 hit, 0 errors, 1 left on base; Cincinnati (NYP) 5 - Eugene 0
BOTTOM OF THE 4TH
Eugene Emeralds batting - Pitching for Cincinnati (NYP) Reds : RHP Jim Bartlet
Batting: RHB T.J. Garrison 0-0: Ball
1-0: Called Strike
1-1: SINGLE (Groundball, 4D, EV 109.4 MPH)
Batting: RHB Juan Lira 0-0: Ball
1-0: Fielders Choice at 2nd, 6-4 (Groundball, 6, EV 111.9 MPH)
Batting: RHB Rodolfo Perez 0-0: Ball
Juan Lira steals 2nd base
1-0: Ball
2-0: Swinging Strike
2-1: Foul Ball, location: 2F
2-2: Ball
3-2: Foul Ball, location: 2F
3-2: Strikes out swinging
Batting: RHB Gustavo Rodriguez 0-0: Ball
1-0: Foul Ball, location: 2F
1-1: Swinging Strike
1-2: Foul Ball, location: 2F
1-2: Foul Ball, location: 2F
1-2: Strikes out swinging
Bottom of the 4th over - 0 runs, 1 hit, 0 errors, 1 left on base; Cincinnati (NYP) 5 - Eugene 0
TOP OF THE 5TH
Cincinnati (NYP) Reds batting - Pitching for Eugene Emeralds : LHP Alex Gandarilla
Batting: RHB Nick Moreno 0-0: Called Strike
0-1: Foul Ball, location: 2F
0-2: Ball
1-2: Ball
2-2: Strikes out looking
Batting: LHB Josh Slusarczyk 0-0: Foul Ball, location: 2F
0-1: Called Strike
0-2: Ball
1-2: Ball
2-2: Ball
3-2: Ground out 5-3 (Groundball, 5, EV 86.9 MPH)
Batting: RHB Yutaka Sato 0-0: Ball
1-0: Ball
2-0: Foul Ball, location: 2F
2-1: Ball
3-1: Base on Balls
Batting: RHB Ch'ang-chieh Hsia 0-0: DOUBLE (Line Drive, 78M, EV 110.6 MPH)
Yutaka Sato to third
Runner from 3rd tries for Home, SAFE, throw by LF to trailing runner, OUT at third! 7-3-5
Top of the 5th over - 1 run, 1 hit, 0 errors, 0 left on base; Cincinnati (NYP) 6 - Eugene 0
BOTTOM OF THE 5TH
Eugene Emeralds batting - Pitching for Cincinnati (NYP) Reds : RHP Jim Bartlet
Batting: RHB Hugo Torrez 0-0: Swinging Strike
0-1: Foul Ball, location: 2F
0-2: Strikes out swinging
Batting: RHB Dustin Goldsborough 0-0: Called Strike
0-1: Ball
1-1: Ball
2-1: Foul Ball, location: 2LF, Error on foul ball, E2
2-2: Ball
3-2: Base on Balls
Batting: RHB Jorge Lagunas 0-0: Foul Ball, location: 2F
0-1: Grounds into double play, 5-4-3 (Groundball, 56, EV 88.1 MPH)
Bottom of the 5th over - 0 runs, 0 hits, 1 error, 0 left on base; Cincinnati (NYP) 6 - Eugene 0
TOP OF THE 6TH
Cincinnati (NYP) Reds batting - Pitching for Eugene Emeralds : LHP Alex Gandarilla
Batting: RHB Will Trudeau 0-0: Called Strike
0-1: Called Strike
0-2: Ball
1-2: Ball
2-2: Hit by Pitch
Batting: RHB Emanuel Estrada 0-0: Ball
1-0: 2-RUN HOME RUN (Flyball, 78XD, EV 100.0 MPH), Distance : 401 ft
Batting: LHB Fernando Gomez 0-0: Ball
1-0: Swinging Strike
1-1: Swinging Strike
1-2: Ball
2-2: Ground out 4-3 (Groundball, 4, EV 77.5 MPH)
Batting: SHB Cesar Pelayo 0-0: Swinging Strike
0-1: Ball
1-1: Foul Ball, location: 2F
1-2: Foul Ball, location: 2F
1-2: Strikes out swinging
Batting: RHB Andy Bachman 0-0: Foul Ball, location: 2F
0-1: SINGLE (Line Drive, 89S, EV 95.6 MPH)
Batting: RHB Nick Moreno 0-0: Ball
1-0: Swinging Strike
1-1: Ball
2-1: Swinging Strike
2-2: Ball
3-2: Strikes out swinging
Top of the 6th over - 2 runs, 2 hits, 0 errors, 1 left on base; Cincinnati (NYP) 8 - Eugene 0
BOTTOM OF THE 6TH
Eugene Emeralds batting - Pitching for Cincinnati (NYP) Reds : RHP Jim Bartlet
Batting: RHB Bartolo Aguilar 0-0: Ball
1-0: Ball
2-0: Ball
3-0: Called Strike
3-1: SINGLE (Groundball, 6D, EV 103.1 MPH)
Batting: RHB Mike Larson 0-0: Ball
Bartolo Aguilar steals 2nd base
1-0: Called Strike
1-1: Foul Ball, location: 2F
1-2: Strikes out swinging
Batting: RHB T.J. Garrison 0-0: Ball
1-0: Swinging Strike
1-1: Swinging Strike
1-2: Ground out 4-3 (Groundball, 4S, EV 89.4 MPH)
Bartolo Aguilar to third
Pitching: RHP Eudaldo Cuyco
Batting: RHB Juan Lira 0-0: Foul Ball, location: 2F
0-1: Foul Ball, location: 2F
0-2: Ball
1-2: Foul Ball, location: 2F
1-2: Ball
2-2: Ball
3-2: Base on Balls
Batting: RHB Rodolfo Perez 0-0: Ball
1-0: Called Strike
1-1: Ball
2-1: Foul Ball, location: 2F
2-2: Strikes out swinging
Bottom of the 6th over - 0 runs, 1 hit, 0 errors, 2 left on base; Cincinnati (NYP) 8 - Eugene 0
TOP OF THE 7TH
Cincinnati (NYP) Reds batting - Pitching for Eugene Emeralds : LHP Alex Gandarilla
Pinch Hitting: RHB Derek Moran 0-0: Called Strike
0-1: Swinging Strike
0-2: Ball
1-2: Hit by Pitch
Batting: RHB Yutaka Sato 0-0: Ball
1-0: Called Strike
1-1: Foul Ball, location: 2F
1-2: Foul Ball, location: 2F
1-2: DOUBLE (Flyball, 78D, EV 95.6 MPH)
Derek Moran to third
Batting: RHB Ch'ang-chieh Hsia 0-0: Foul Ball, location: 2F
0-1: Foul Ball, location: 2F
0-2: Strikes out swinging
Batting: RHB Will Trudeau 0-0: Called Strike
0-1: Called Strike
0-2: Strikes out swinging
Batting: RHB Emanuel Estrada 0-0: Ball
1-0: Called Strike
1-1: Ball
2-1: Ground out U3 (Groundball, 3S, EV 79.4 MPH)
Top of the 7th over - 0 runs, 1 hit, 0 errors, 2 left on base; Cincinnati (NYP) 8 - Eugene 0
BOTTOM OF THE 7TH
Eugene Emeralds batting - Pitching for Cincinnati (NYP) Reds : RHP Eudaldo Cuyco
Now at 2B: Fernando Gomez
Now at 3B: Derek Moran
Batting: RHB Gustavo Rodriguez 0-0: Called Strike
0-1: Foul Ball, location: 2F
0-2: Ball
1-2: Ball
2-2: Strikes out looking
Batting: RHB Hugo Torrez 0-0: Ball
1-0: Ball
2-0: Foul Ball, location: 2F
2-1: Called Strike
2-2: Foul Ball, location: 2F
2-2: Ball
3-2: Base on Balls
Batting: RHB Dustin Goldsborough 0-0: Called Strike
0-1: Swinging Strike
0-2: Foul Ball, location: 2F
0-2: Strikes out swinging
Batting: RHB Jorge Lagunas 0-0: Swinging Strike
0-1: Swinging Strike
0-2: Strikes out looking
Bottom of the 7th over - 0 runs, 0 hits, 0 errors, 1 left on base; Cincinnati (NYP) 8 - Eugene 0
TOP OF THE 8TH
Cincinnati (NYP) Reds batting - Pitching for Eugene Emeralds : LHP Alex Gandarilla
Pinch Hitting: RHB Ed Santibanez 0-0: Ball
1-0: Ball
2-0: Ball
3-0: Base on Balls
Pinch Hitting: RHB Al Blanchard 0-0: Ball
1-0: Ball
2-0: Swinging Strike
Passed Ball!
Ed Santibanez to second
2-1: Ball
3-1: Base on Balls
Batting: RHB Andy Bachman 0-0: Ball
Wild Pitch!
Ed Santibanez to third
Al Blanchard to second
1-0: Called Strike
1-1: Ball
2-1: SINGLE (Flyball, 8LS, EV 86.2 MPH)
Ed Santibanez scores
Al Blanchard to third
Batting: RHB Nick Moreno 0-0: Called Strike
0-1: Ball
1-1: Called Strike
1-2: Fly out, F9 (Flyball, 9, EV 82.5 MPH)
Batting: RHB Derek Moran 0-0: Ball
1-0: Ball
2-0: Called Strike
2-1: Foul Ball, location: 2F
2-2: Ball
3-2: SINGLE (Groundball, 25, EV 73.1 MPH) (infield hit)
Andy Bachman to second
Batting: RHB Yutaka Sato 0-0: Called Strike
0-1: Ball
1-1: SINGLE (Line Drive, 8LS, EV 88.8 MPH)
Al Blanchard scores
Andy Bachman to third
Derek Moran to second
Runner from 3rd tries for Home, SAFE, throw by CF to home
Batting: RHB Ch'ang-chieh Hsia 0-0: Called Strike
0-1: Swinging Strike
0-2: Ball
1-2: Foul Ball, location: 2F
1-2: Strikes out swinging
Batting: RHB Will Trudeau 0-0: Ball
1-0: Ball
2-0: Foul Ball, location: 2F
2-1: Swinging Strike
2-2: Foul Ball, location: 2F
2-2: Strikes out swinging
Top of the 8th over - 3 runs, 3 hits, 0 errors, 2 left on base; Cincinnati (NYP) 11 - Eugene 0
BOTTOM OF THE 8TH
Eugene Emeralds batting - Pitching for Cincinnati (NYP) Reds : RHP Eudaldo Cuyco
Now at 1B: Omar Garce
Now at 2B: Brandon Sarni
Batting: RHB Bartolo Aguilar 0-0: Ball
1-0: Ball
2-0: Ball
3-0: Called Strike
3-1: Foul Ball, location: 2F
3-2: Strikes out swinging
Batting: RHB Mike Larson 0-0: Ball
1-0: Swinging Strike
1-1: Ball
2-1: Ball
3-1: Swinging Strike
3-2: Strikes out swinging
Batting: RHB T.J. Garrison 0-0: Swinging Strike
0-1: Called Strike
0-2: Ball
1-2: Foul Ball, location: 2F
1-2: Strikes out swinging
Bottom of the 8th over - 0 runs, 0 hits, 0 errors, 0 left on base; Cincinnati (NYP) 11 - Eugene 0
TOP OF THE 9TH
Cincinnati (NYP) Reds batting - Pitching for Eugene Emeralds : LHP Alex Gandarilla
Pinch Hitting: LHB Jose Cruz 0-0: Called Strike
0-1: Ball
1-1: Foul Ball, location: 2F
1-2: Ball
2-2: Ball
3-2: Foul Ball, location: 2F
3-2: Foul Ball, location: 2F
3-2: Strikes out swinging
Batting: LHB Brandon Sarni 0-0: Fly out, F8 (Flyball, 78D, EV 90.0 MPH)
Batting: RHB Omar Garce 0-0: Ball
1-0: Called Strike
1-1: Called Strike
1-2: Ball
2-2: SINGLE (Groundball, 4MD, EV 103.8 MPH)
Batting: RHB Andy Bachman 0-0: Ball
1-0: DOUBLE (Line Drive, 7LS, EV 108.8 MPH)
Omar Garce to third
Batting: RHB Nick Moreno 0-0: Called Strike
0-1: Ball
1-1: Ball
2-1: Foul Ball, location: 2F
2-2: Ball
3-2: Base on Balls
Batting: RHB Derek Moran 0-0: Ball
1-0: Foul Ball, location: 2F
1-1: Ball
2-1: Called Strike
2-2: Strikes out swinging
Top of the 9th over - 0 runs, 2 hits, 0 errors, 3 left on base; Cincinnati (NYP) 11 - Eugene 0
BOTTOM OF THE 9TH
Eugene Emeralds batting - Pitching for Cincinnati (NYP) Reds : RHP Eudaldo Cuyco
Pitching: RHP Guang Jue
Now in CF: Jose Cruz
Batting: RHB Juan Lira 0-0: Foul Ball, location: 2F
0-1: Ball
1-1: Ground out 5-3 (Groundball, 56S, EV 88.1 MPH)
Batting: RHB Rodolfo Perez 0-0: Swinging Strike
0-1: Ball
1-1: Foul Ball, location: 2F
1-2: Strikes out looking
Batting: RHB Gustavo Rodriguez 0-0: Foul Ball, location: 2F
0-1: Ball
1-1: Foul Ball, location: 2F
1-2: Ball
2-2: Foul Ball, location: 2F
2-2: Strikes out swinging
Bottom of the 9th over - 0 runs, 0 hits, 0 errors, 0 left on base; Cincinnati (NYP) 11 - Eugene 0
Sunday, July 16th , 2023 - OOTP Baseball 24.6 Build 69